 Dungeon Crawl Stone Soup version 0.17-a0-910-ga669010 (webtiles) character file.

41493 hornqvist the Peltast (level 14, -19/93 HPs)
             Began as a Formicid Fighter on May 2, 2015.
             Was an Initiate of Gozag.
             Killed from afar by namelastname112's ghost (21 damage)
             ... with a bolt of negative energy
             ... on level 6 of the Lair of Beasts.
             The game lasted 00:25:03 (21229 turns).

hornqvist the Peltast (Formicid Fighter)           Turns: 21229, Time: 00:25:03

Health: -19/93     AC: 23    Str: 30    XL:     14   Next: 50%
Magic:  14/14      EV: 12    Int:  7    God:    Gozag
Gold:   2845       SH: 23    Dex: 14    Spells: 0 memorised, 13 levels left

rFire  . . .     SeeInvis +     H - +10 flail of the Boiling Point {distort, Noisy rElec Dex+3}
rCold  + . .     Clarity  .     d - +2 plate armour {rC+}
rNeg   . . .     SustAb   .     l - +2 large shield {AC+3}
rPois  .         Gourm    .     (helmet unavailable)
rElec  +         Spirit   .     (no cloak)
rCorr  .         Warding  .     B - +0 pair of gloves
rMut   .         Stasis   +     (no boots)
MR     +....                    (no amulet)
Stlth  ..........               D - +4 ring of strength
                                i - +6 ring of protection

@: drained, somewhat resistant to hostile enchantments, extremely unstealthy
A: permanent stasis, dig shafts and tunnels, four strong arms, antennae 3
a: Dig, Shaft Self, Potion Petition, Call Merchant, Bribe Branch, Renounce
Religion


You were on level 6 of the Lair of Beasts.
You worshipped Gozag.
Gozag was noncommittal.
You were very hungry.

You visited 3 branches of the dungeon, and saw 19 of its levels.
You also visited: Ice Cave.

You collected 5358 gold pieces.
You spent 157 gold pieces at shops.
You paid 2356 gold pieces to Gozag.

Inventory:

Hand weapons
 p - a +1 battleaxe
 H - the +10 flail of the Boiling Point (weapon) {distort, Noisy rElec Dex+3}
   (You found it on level 11 of the Dungeon)

   It warps and distorts space around it.
   Unwielding it can cause banishment or high damage.
   It affects your dexterity (+3).
   It insulates you from electricity.
   It may make noises in combat.
 O - the +5 war axe "X" {venom, rElec Int-2 Dex+3}
   (You found it on level 3 of the Lair of Beasts)

   It poisons the flesh of those it strikes.
   It affects your intelligence (-2).
   It affects your dexterity (+3).
   It insulates you from electricity.
Armour
 d - a +2 plate armour of cold resistance (worn)
 l - a +2 large shield of protection (worn)
 A - a +0 plate armour
 B - a +0 pair of gloves (worn)
 J - the +1 ring mail of the Solstice {Int-4 Dex+4 Slay+5}
   (You found it on level 2 of the Lair of Beasts)

   It affects your intelligence (-4).
   It affects your dexterity (+4).
   It affects your accuracy and damage with ranged weapons and melee attacks
   (+5).
Jewellery
 i - a +6 ring of protection (left hand)
 C - an uncursed ring of stealth
 D - a +4 ring of strength (right hand)
 E - a +2 ring of strength
 N - an uncursed ring of magical power
Magical devices
 c - a wand of cold (11)
 s - a wand of teleportation (4)
 t - a wand of fireball (15)
 y - a wand of magic darts (20)
 G - a wand of flame (14)
 P - a wand of digging (14)
 U - a wand of teleportation (3)
 V - a wand of draining (12)
Scrolls
 b - a scroll of amnesia
 g - 8 scrolls of remove curse
 j - 10 scrolls of identify
 o - 2 scrolls of magic mapping
 r - 3 scrolls of fog
 v - 4 scrolls of enchant weapon
 z - 3 scrolls of recharging
 I - a scroll of fear
 Q - 4 scrolls of silence
Potions
 a - a potion of flight
 f - 2 potions of magic
 h - 2 potions of lignification
 k - 9 potions of curing
 n - a potion of cure mutation
 x - 2 potions of brilliance
 F - a potion of mutation
 K - 2 potions of resistance {unknown}
 S - a potion of agility {unknown}
 T - a potion of cancellation {unknown}
Books
 m - a book of Changes

   Spells                             Type                      Level
   a - Beastly Appendage              Transmutation                1
   b - Sticks to Snakes               Transmutation                2
   c - Spider Form                    Transmutation/Poison         3
   d - Ice Form                       Ice/Transmutation            4
   e - Blade Hands                    Transmutation                5
 u - a book of Conjurations

   Spells                             Type                      Level
   a - Magic Dart                     Conjuration                  1
   b - Searing Ray                    Conjuration                  2
   c - Dazzling Spray                 Conjuration/Hexes            3
   d - Fulminant Prism                Conjuration/Hexes            4
   e - Iskenderun's Mystic Blast      Conjuration                  4
   f - Iskenderun's Battlesphere      Conjuration/Charms           5
 M - a book of the Warp

   Spells                             Type                      Level
   a - Recall                         Summoning/Translocation      3
   b - Gell's Gravitas                Hexes/Translocation          3
   c - Control Teleport               Charms/Translocation         4
   d - Force Lance                    Conjuration/Translocation    4
   e - Phase Shift                    Translocation                5
   f - Warp Weapon                    Charms/Translocation         5
   g - Summon Forest                  Summoning/Translocation      5
 R - a book of Enchantments

   Spells                             Type                      Level
   a - Cause Fear                     Hexes                        4
   b - Silence                        Hexes/Air                    5
   c - Deflect Missiles               Charms/Air                   6
   d - Haste                          Charms                       6
   e - Discord                        Hexes                        8
Comestibles
 e - 9 bread rations
 w - 5 meat rations
 L - 4 fruits


   Skills:
 - Level 3.2(2.4) Fighting
 * Level 15.0(13.9) Axes
 - Level 3.2(2.4) Armour
 + Level 11.9(10.8) Dodging
 + Level 15.4(14.2) Shields


You had 13 spell levels left.
You didn't know any spells.

Dungeon Overview and Level Annotations

Branches:
Dungeon (11/15)            Temple (0/1) D:6            Lair (6/8) D:9
 Shoals (0/4) Lair:6        Snake (0/4) Lair:5          Orc (2/4) D:11
  Slime: Lair:6-8

Altars:
Cheibriados
Dithmenos
Gozag
Makhleb
Okawaru
Ru
Sif Muna
Trog
Vehumet
Xom
Yredelemnul
Beogh

Shops:
D:10 [   D:12 =   D:13 ?   Orc:1 (

Annotations:
Lair:6 namelastname112's ghost, powerful DrGl
Abyss:1 Josephine


Innate Abilities, Weirdness & Mutations

You are under a permanent stasis effect.
You can dig through walls and to a lower floor.
Your four strong arms can wield two-handed weapons with a shield.
You have a pair of large antennae on your head (SInv).


Message History

Read which item? (? for menu, Esc to quit)
As you read the scroll of fear, it crumbles to dust.
You assume a fearsome visage.
The yak looks frightened!
The death yak resists with some effort.
The river rat looks frightened!
The komodo dragon looks frightened!
The death yak disappears!
You see here 22 gold pieces.
Namelastname112's ghost turns its malevolent gaze towards you.
You hit namelastname112's ghost but do no damage.
Space bends around namelastname112's ghost.
Namelastname112's ghost mumbles, "They all look like pillowcases to me..."
Namelastname112's ghost hits you!
* * * LOW HITPOINT WARNING * * *
x2 You take 18 damage, and have 1/93 hp.
Okay, then.
Are you sure you want to shaft yourself?
You feel somewhat more hungry.
Namelastname112's ghost breathes negative energy at you.
The bolt of negative energy hits you!
You feel drained.
You die...
Your body crumbles into a pile of gold.

# #.#.#..........# ####$. #
##.............#######$.# # ###
##....P.........$.$...r$..
###{####..#.P.P.......####$P....P
P#....###....PP.......###########
..........#..P........##P######..
.#...P.......P#..................
#####.............##.#.#..#..#..#
#####.P...#P)..W@P#.###..#####.##
.................#### ##[# ####
..#.#....#.#..###.# ### #
#.########.##>##### ### ##.#..#
## ##..P# ####≈ ##.###### ###..#≈
#.##.#.## #PP...≈ #.......##
#..<.≈≈


You could see namelastname112's ghost.

Vanquished Creatures
  Maud (D:11)
  2 hydras
  A death yak (Lair:6)
  Nergalle (D:11)
  An ice devil (IceCv)
  An unseen horror (D:11)
  2 ice statues (IceCv)
  2 hill giants
  A necromancer (IceCv)
  An orc sorcerer (Orc:1)
  A cyclops (D:10)
  A manticore (D:11)
  24 elephants
  6 spiny frogs
  2 komodo dragons (Lair:5)
  7 blue devils (IceCv)
  A troll (D:10)
  2 polar bears
  3 two-headed ogres
  9 blink frogs (Lair:5)
  Sigmund (D:5)
  10 yaks
  2 wraiths
  2 vampire mosquitoes (D:10)
  6 basilisks
  A deep elf mage (D:11)
  A shadow (D:11)
  3 humans (D:8)
  Menkaure (D:6)
  A hippogriff (Lair:3)
  2 wargs (D:8)
  4 wolves (Lair:3)
  3 nagas (Lair:5)
  10 water moccasins
  A sky beast (D:5)
  An eye of draining (D:9)
  12 ice beasts
  A black bear (Lair:3)
  2 phantoms
  7 ogres
  7 centaurs
  6 orc warriors
  6 porcupines
  5 crocodiles
  7 giant frogs
  A big kobold (D:11)
  2 scorpions
  11 killer bees
  4 electric eels
  9 crimson imps
  3 draconian simulacra (IceCv)
  7 orc priests
  19 orc wizards
  3 centaur zombies
  4 jellies
  A quasit (D:8)
  2 giant frog skeletons
  7 hounds
  12 iguanas
  Natasha (twice) (D:3)
  A spriggan simulacrum (IceCv)
  17 sheep
  A troll simulacrum (IceCv)
  10 worker ants
  A killer bee zombie (D:6)
  A centaur simulacrum (IceCv)
  8 gnolls
  34 river rats
  2 naga simulacra (IceCv)
  2 ogre simulacra (IceCv)
  10 adders
  2 shadow imps
  2 white imps (D:8)
  An ooze (D:2)
  2 adder zombies
  An adder skeleton (D:5)
  5 worms
  A giant gecko (D:4)
  69 orcs
  A ball python (D:3)
  13 bats
  2 bat skeletons
  2 giant cockroaches
  21 hobgoblins
  6 jackals
  2 quokkas
  A giant gecko zombie (D:5)
  5 giant newts
  15 goblins
  A jackal skeleton (D:4)
  A jackal zombie (D:5)
  19 kobolds
  16 rats
  5 spectral orcs (D:11)
  34 ballistomycetes (D:11)
572 creatures vanquished.

Vanquished Creatures (others)
  A hydra (Lair:2)
  An ice statue (IceCv)
  4 elephants
  A komodo dragon (Lair:1)
  A blue devil (IceCv)
  A snapping turtle (Lair:6)
  A yak (Lair:5)
  2 wraiths (Lair:6)
  A basilisk (Lair:3)
  A naga (Lair:5)
  2 crocodiles (Lair:3)
  A sheep (Lair:5)
  A river rat (Lair:6)
  6 giant spores (D:11)
  2 ballistomycetes (D:11)
  14 fungi (Lair:2)
  9 plants
49 creatures vanquished.

Grand Total: 621 creatures vanquished

Notes
Turn   | Place    | Note
--------------------------------------------------------------
     0 | D:1      | hornqvist, the Formicid Fighter, began the quest for the Orb.
     0 | D:1      | Reached XP level 1. HP: 18/18 MP: 1/1
    71 | D:1      | Reached XP level 2. HP: 16/24 MP: 2/2
    82 | D:1      | Reached skill level 4 in Shields
    97 | D:1      | Reached skill level 1 in Dodging
   346 | D:1      | Reached XP level 3. HP: 29/29 MP: 3/3
   546 | D:2      | Found a bloodstained altar of Trog.
   856 | D:2      | Found a shadowy altar of Dithmenos.
  1036 | D:2      | Reached XP level 4. HP: 32/35 MP: 4/4
  1560 | D:3      | Noticed Natasha
  1571 | D:3      | Killed Natasha
  1571 | D:3      | Reached XP level 5. HP: 32/41 MP: 5/5
  1669 | D:3      | Found a burning altar of Makhleb.
  1687 | D:3      | Reached skill level 5 in Shields
  2425 | D:3      | Found a shimmering altar of Xom.
  2425 | D:3      | Found a shimmering altar of Xom.
  2428 | D:3      | Found a shimmering altar of Xom.
  2429 | D:3      | Found a shimmering altar of Xom.
  2432 | D:3      | Found a shimmering altar of Xom.
  2432 | D:3      | Found a shimmering altar of Xom.
  2432 | D:3      | Found a shimmering altar of Xom.
  2432 | D:3      | Found a shimmering altar of Xom.
  2432 | D:3      | Found a shimmering altar of Xom.
  2433 | D:3      | Found a shimmering altar of Xom.
  2528 | D:3      | Reached XP level 6. HP: 47/47 MP: 6/6
  2563 | D:3      | Found a snail-covered altar of Cheibriados.
  2689 | D:3      | Noticed Natasha
  2703 | D:3      | Killed Natasha
  3416 | D:4      | Found a radiant altar of Vehumet.
  3433 | D:4      | Reached skill level 6 in Shields
  3761 | D:4      | Found an opulent altar of Gozag.
  3869 | D:4      | Became a worshipper of Gozag Ym Sagoz the Greedy
  3951 | D:4      | Reached XP level 7. HP: 45/52 MP: 7/7
  4159 | D:4      | Found a deep blue altar of Sif Muna.
  4399 | D:5      | Entered Level 5 of the Dungeon
  4520 | D:5      | Found a basalt altar of Yredelemnul.
  4922 | D:5      | Reached XP level 8. HP: 18/58 MP: 8/8
  4940 | D:5      | Reached skill level 5 in Axes
  4940 | D:5      | Reached skill level 7 in Shields
  5573 | D:5      | Noticed Sigmund
  5581 | D:5      | Killed Sigmund
  5752 | D:5      | Reached skill level 8 in Shields
  5898 | D:6      | Reached skill level 5 in Dodging
  5965 | D:6      | Reached XP level 9. HP: 64/64 MP: 9/9
  6286 | D:6      | Noticed Menkaure
  6290 | D:6      | Killed Menkaure
  6400 | D:6      | Found a staircase to the Ecumenical Temple.
  6730 | D:7      | Found a sacrificial altar of Ru.
  7179 | D:7      | Reached skill level 9 in Shields
  7567 | D:8      | Found an iron altar of Okawaru.
  8129 | D:8      | Reached XP level 10. HP: 62/70 MP: 10/10
  8131 | D:8      | Reached skill level 10 in Shields
  8553 | D:9      | Found a staircase to the Lair.
  9575 | D:9      | Noticed a brown ugly thing
  9628 | D:10     | Entered Level 10 of the Dungeon
  9743 | D:10     | Found Toeg's Antique Armour Emporium.
  9753 | D:10     | Bought a runed large shield for 157 gold pieces
  9856 | D:10     | Reached skill level 11 in Shields
 10186 | D:10     | Noticed a hill giant
 10195 | D:10     | Killed a hill giant
 10474 | D:10     | Reached XP level 11. HP: 75/75 MP: 11/11
 11012 | D:10     | Noticed a cyclops
 11026 | D:10     | Killed a cyclops
 11171 | Lair:1   | Entered Level 1 of the Lair of Beasts
 11183 | D:9      | You fall through a shaft for 2 floors!
 11183 | D:11     | Noticed Nergalle
 11189 | D:11     | Noticed a spectral orc warlord
 11211 | D:11     | Killed Nergalle
 11211 | D:11     | Reached skill level 12 in Shields
 11232 | D:11     | Noticed an unseen horror
 11266 | D:11     | Killed an unseen horror
 11266 | D:11     | Reached skill level 10 in Axes
 11420 | D:11     | Noticed Maud
 11433 | D:11     | Killed Maud
 11981 | D:11     | Found a staircase to the Orcish Mines.
 12362 | D:11     | Noticed a hill giant
 12380 | D:11     | Killed a hill giant
 12380 | D:11     | Reached XP level 12. HP: 44/81 MP: 12/12
 12570 | D:11     | Noticed a manticore
 12577 | D:11     | Killed a manticore
 12865 | D:11     | Got a translucent flail
 12866 | D:11     | Identified the +10 flail of the Boiling Point {distort, Noisy rElec Dex+3} (You found it on level 11 of the Dungeon)
 13395 | Orc:1    | Entered Level 1 of the Orcish Mines
 13860 | Orc:1    | Found Ajaibbel's Weapon Emporium.
 14263 | Orc:2    | Found a roughly hewn altar of Beogh.
 14268 | Orc:2    | Noticed an orc warlord
 14529 | Orc:1    | Reached skill level 13 in Shields
 15966 | Lair:2   | Reached skill level 10 in Dodging
 16543 | Lair:2   | Got a garnet-encrusted ring mail
 16554 | Lair:2   | Identified the cursed +1 ring mail of the Solstice {Int-4 Dex+4 Slay+5} (You found it on level 2 of the Lair of Beasts)
 16718 | Lair:2   | Reached XP level 13. HP: 86/86 MP: 13/13
 16749 | Lair:2   | Noticed a seven-headed hydra
 16760 | Lair:2   | Banished a seven-headed hydra
 16884 | Lair:2   | Reached skill level 14 in Shields
 17409 | Lair:3   | Got a crude war axe
 17410 | Lair:3   | Identified the +5 war axe "X" {venom, rElec Int-2 Dex+3} (You found it on level 3 of the Lair of Beasts)
 17898 | Lair:4   | Found a frozen archway.
 17950 | IceCv    | Entered an ice cave
 19363 | Lair:4   | Reached XP level 14. HP: 88/93 MP: 14/14
 19775 | Lair:5   | Found a staircase to the Snake Pit.
 19799 | Lair:5   | Reached skill level 15 in Shields
 20920 | Lair:6   | Noticed namelastname112's ghost (powerful DrGl)
 21033 | Lair:6   | Found a staircase to the Shoals.
 21082 | Lair:6   | Noticed Josephine
 21113 | Lair:6   | Banished Josephine
 21133 | Lair:6   | Reached skill level 15 in Axes
 21228 | Lair:6   | HP: 1/93 [namelastname112's ghost (4)]
 21229 | Lair:6   | Killed from afar by namelastname112's ghost

Action                   |  1- 3 |  4- 6 |  7- 9 | 10-12 | 13-15 || total
-------------------------+-------+-------+-------+-------+-------++-------
Melee: War axe           |   105 |   225 |    28 |       |       ||   358
       Battleaxe         |       |       |   307 |   486 |       ||   793
       Flail             |       |       |       |   393 |   590 ||   983
Invok: Call Merchant     |       |       |     1 |     1 |     1 ||     3
 Abil: Dig               |       |       |       |     2 |     4 ||     6
       Shaft Self        |       |       |       |     1 |     1 ||     2
  Use: Potion            |       |     1 |       |     3 |     2 ||     6
       Scroll            |       |       |    20 |     6 |     5 ||    31
 Stab: Distracted        |       |       |       |     3 |     4 ||     7
  Eat: Chunk             |     1 |     9 |       |       |       ||    10
       Beef jerky        |       |       |     1 |     5 |     1 ||     7
       Royal jelly       |       |       |     1 |       |       ||     1
       Bread ration      |       |       |     3 |       |       ||     3
       Fruit             |       |       |     1 |       |     8 ||     9
       Pizza             |       |       |       |     9 |     1 ||    10
       Meat ration       |       |       |       |     1 |     1 ||     2
